TOP OF THE 1ST |
Rocky Mountain Nuggets batting - Pitching for Austin Rangers : RHP John Wilkins
|
Pitching: RHP John Wilkins
|
|
Batting: RHB Mark Melton
|
0-0: Called Strike 0-1: Called Strike 0-2: Ball 1-2: Foul Ball, location: 2F 1-2: Foul Ball, location: 2F 1-2: Foul Ball, location: 2F 1-2: Strikes out looking
|
Batting: RHB Iván Vega
|
0-0: SINGLE (Flyball, 9S)
|
Batting: LHB Randy Bowen
|
0-0: Ball 1-0: Fly out, F9 (Flyball, 9M)
|
Batting: RHB Paul Smith
|
0-0: Ball 1-0: Ball 2-0: Called Strike 2-1: DOUBLE (Line Drive, 7LD) Iván Vega to third Runner from 3rd tries for Home, throw and OUT!
|
Top of the 1st over - 0 run(s), 2 hit(s), 0 error(s), 1 left on base; Rocky Mountain 0 - Austin 0 |
BOTTOM OF THE 1ST |
Austin Rangers batting - Pitching for Rocky Mountain Nuggets : RHP Félix Jiménez
|
Pitching: RHP Félix Jiménez
|
|
Batting: RHB José Muñóz
|
0-0: Ball 1-0: Ball 2-0: Ground out 5-3 (Groundball, 5S)
|
Batting: RHB Tony Hernández
|
0-0: Ball 1-0: Ground out 6-3 (Groundball, 6)
|
Batting: SHB Carlos Kramer
|
0-0: Ball 1-0: Foul Ball, location: 2F 1-1: SINGLE (Groundball, 4M)
|
Batting: LHB Yun Yen
|
0-0: Ball Carlos Kramer is caught stealing 2nd base
|
Bottom of the 1st over - 0 run(s), 1 hit(s), 0 error(s), 0 left on base; Rocky Mountain 0 - Austin 0 |
TOP OF THE 2ND |
Rocky Mountain Nuggets batting - Pitching for Austin Rangers : RHP John Wilkins
|
Batting: LHB Rubén López
|
0-0: Called Strike 0-1: Called Strike 0-2: Foul Ball, location: 2F 0-2: Strikes out swinging
|
Batting: SHB Juan Sánchez
|
0-0: Ball 1-0: Fly out, F8 (Flyball, 8RM)
|
Batting: LHB Javier Sánchez
|
0-0: Called Strike 0-1: Ball 1-1: Swinging Strike 1-2: Ball 2-2: Ball 3-2: Foul Ball, location: 2F 3-2: Foul Ball, location: 2F 3-2: Strikes out swinging
|
Top of the 2nd over - 0 run(s), 0 hit(s), 0 error(s), 0 left on base; Rocky Mountain 0 - Austin 0 |
BOTTOM OF THE 2ND |
Austin Rangers batting - Pitching for Rocky Mountain Nuggets : RHP Félix Jiménez
|
Batting: LHB Yun Yen
|
0-0: Ball 1-0: Ground out U3 (Groundball, 3L)
|
Batting: RHB Jeff Green
|
0-0: Called Strike 0-1: Foul Ball, location: 2F 0-2: Foul Ball, location: 2F 0-2: Foul Ball, location: 2F 0-2: Ball 1-2: Strikes out swinging
|
Batting: LHB Gonzalo López
|
0-0: Ball 1-0: Ball 2-0: Called Strike 2-1: Foul Ball, location: 2F 2-2: Strikes out looking
|
Bottom of the 2nd over - 0 run(s), 0 hit(s), 0 error(s), 0 left on base; Rocky Mountain 0 - Austin 0 |
TOP OF THE 3RD |
Rocky Mountain Nuggets batting - Pitching for Austin Rangers : RHP John Wilkins
|
Batting: LHB Juan Ríos
|
0-0: Ball 1-0: Called Strike 1-1: Called Strike 1-2: Ground out 6-3 (Groundball, 6)
|
Batting: RHB Javier Martínez
|
0-0: SINGLE (Flyball, 78S)
|
Batting: RHB Mark Melton
|
0-0: Called Strike 0-1: Ball 1-1: Fly out, F8 (Flyball, 8RM)
|
Batting: RHB Iván Vega
|
0-0: Ball 1-0: Called Strike 1-1: Ball 2-1: Ball 3-1: Called Strike 3-2: Fly out, F7 (Flyball, 7M)
|
Top of the 3rd over - 0 run(s), 1 hit(s), 0 error(s), 1 left on base; Rocky Mountain 0 - Austin 0 |
BOTTOM OF THE 3RD |
Austin Rangers batting - Pitching for Rocky Mountain Nuggets : RHP Félix Jiménez
|
Batting: LHB Motoshige Kitamura
|
0-0: Ball 1-0: Called Strike 1-1: Ball 2-1: Ground out U3 (Groundball, 3L)
|
Batting: SHB Xavier Vásquez
|
0-0: Ball 1-0: Ball 2-0: Foul Ball, location: 2F 2-1: Ground out 3-1 (Groundball, 34)
|
Batting: RHB Joaquín Parra
|
0-0: Ball 1-0: Called Strike 1-1: Called Strike 1-2: Ball 2-2: Strikes out swinging
|
Bottom of the 3rd over - 0 run(s), 0 hit(s), 0 error(s), 0 left on base; Rocky Mountain 0 - Austin 0 |
TOP OF THE 4TH |
Rocky Mountain Nuggets batting - Pitching for Austin Rangers : RHP John Wilkins
|
Batting: LHB Randy Bowen
|
0-0: SINGLE (Groundball, 4M)
|
Batting: RHB Paul Smith
|
0-0: Foul Ball, location: 2F 0-1: Called Strike 0-2: Ball 1-2: Ball 2-2: Foul Ball, location: 2F 2-2: Strikes out looking
|
Batting: LHB Rubén López
|
0-0: Foul Ball, location: 2F 0-1: Foul Ball, location: 2F 0-2: Ball 1-2: SINGLE (Flyball, 6MD) Randy Bowen to second
|
Batting: SHB Juan Sánchez
|
0-0: Called Strike 0-1: Ball 1-1: Fly out, F8 (Flyball, 8LD) Runner from 2nd tags up, SAFE at 3rd, no throw
|
Batting: LHB Javier Sánchez
|
0-0: Called Strike 0-1: Called Strike 0-2: Ball Rubén López steals 2nd base 1-2: Strikes out looking
|
Top of the 4th over - 0 run(s), 2 hit(s), 0 error(s), 2 left on base; Rocky Mountain 0 - Austin 0 |
BOTTOM OF THE 4TH |
Austin Rangers batting - Pitching for Rocky Mountain Nuggets : RHP Félix Jiménez
|
Batting: RHB José Muñóz
|
0-0: Called Strike 0-1: Ball 1-1: Called Strike 1-2: Foul Ball, location: 2F 1-2: Fly out, F8 (Flyball, 78D)
|
Batting: RHB Tony Hernández
|
0-0: Foul Ball, location: 2F 0-1: Ball 1-1: Foul Ball, location: 2F 1-2: Foul Ball, location: 2F 1-2: Ball 2-2: Ball 3-2: Ground out 6-3 (Groundball, 6M)
|
Batting: SHB Carlos Kramer
|
0-0: Ground out 6-3 (Groundball, 6)
|
Bottom of the 4th over - 0 run(s), 0 hit(s), 0 error(s), 0 left on base; Rocky Mountain 0 - Austin 0 |
TOP OF THE 5TH |
Rocky Mountain Nuggets batting - Pitching for Austin Rangers : RHP John Wilkins
|
Batting: LHB Juan Ríos
|
0-0: Ground out 5-3 (Groundball, 56S)
|
Batting: RHB Javier Martínez
|
0-0: Swinging Strike 0-1: Ball 1-1: Ball 2-1: Ball 3-1: Foul Ball, location: 2F 3-2: Foul Ball, location: 2F 3-2: Strikes out swinging
|
Batting: RHB Mark Melton
|
0-0: Swinging Strike 0-1: Called Strike 0-2: Ball 1-2: Strikes out looking
|
Top of the 5th over - 0 run(s), 0 hit(s), 0 error(s), 0 left on base; Rocky Mountain 0 - Austin 0 |
BOTTOM OF THE 5TH |
Austin Rangers batting - Pitching for Rocky Mountain Nuggets : RHP Félix Jiménez
|
Batting: LHB Yun Yen
|
0-0: Called Strike 0-1: Ball 1-1: Swinging Strike 1-2: Foul Ball, location: 2F 1-2: Ball 2-2: Strikes out swinging
|
Batting: RHB Jeff Green
|
0-0: Ball 1-0: Ball 2-0: Called Strike 2-1: SINGLE (Groundball, 6MD)
|
Batting: LHB Gonzalo López
|
0-0: Foul Ball, location: 2F 0-1: Ball 1-1: Called Strike 1-2: Foul Ball, location: 2F 1-2: Ball 2-2: Fielders Choice at 2nd, 1-6 (Groundball, 13S)
|
Batting: LHB Motoshige Kitamura
|
0-0: Foul Ball, location: 2F 0-1: Ground out 4-3 (Groundball, 4)
|
Bottom of the 5th over - 0 run(s), 1 hit(s), 0 error(s), 1 left on base; Rocky Mountain 0 - Austin 0 |
TOP OF THE 6TH |
Rocky Mountain Nuggets batting - Pitching for Austin Rangers : RHP John Wilkins
|
Batting: RHB Iván Vega
|
0-0: Ball 1-0: Called Strike 1-1: Swinging Strike 1-2: Strikes out swinging, 2-3 out at first.
|
Batting: LHB Randy Bowen
|
0-0: Ball 1-0: Ball 2-0: Fly out, F7 (Flyball, 78S)
|
Batting: RHB Paul Smith
|
0-0: Fly out, F8 (Flyball, 8RD)
|
Top of the 6th over - 0 run(s), 0 hit(s), 0 error(s), 0 left on base; Rocky Mountain 0 - Austin 0 |
BOTTOM OF THE 6TH |
Austin Rangers batting - Pitching for Rocky Mountain Nuggets : RHP Félix Jiménez
|
Batting: SHB Xavier Vásquez
|
0-0: Fly out, F7 (Line Drive, 7LM)
|
Batting: RHB Joaquín Parra
|
0-0: Called Strike 0-1: Ball 1-1: Swinging Strike 1-2: Ball 2-2: Foul Ball, location: 2F 2-2: Ball 3-2: Base on Balls
|
Batting: RHB José Muñóz
|
0-0: Ball 1-0: Foul Ball, location: 2F 1-1: Foul Ball, location: 2F 1-2: Ball 2-2: Foul Ball, location: 2F 2-2: SINGLE (Line Drive, 6MD) Joaquín Parra to second
|
Batting: RHB Tony Hernández
|
0-0: SINGLE (Line Drive, 9S) Joaquín Parra to third José Muñóz to second Runner from 3rd tries for Home, SAFE, throw made home José Muñóz to third Tony Hernández to second
|
Batting: SHB Carlos Kramer
|
0-0: Ball 1-0: Ball 2-0: Ball 3-0: Called Strike 3-1: Base on Balls
|
Batting: LHB Yun Yen
|
0-0: Fly out, F7 (Flyball, 7D) Runner from 3rd tags up, SCORES, no throw
|
Batting: RHB Jeff Green
|
0-0: Ground out 6-3 (Groundball, 6)
|
Bottom of the 6th over - 2 run(s), 2 hit(s), 0 error(s), 2 left on base; Rocky Mountain 0 - Austin 2 |
TOP OF THE 7TH |
Rocky Mountain Nuggets batting - Pitching for Austin Rangers : RHP John Wilkins
|
Batting: LHB Rubén López
|
0-0: Ball 1-0: Called Strike 1-1: Ball 2-1: Foul Ball, location: 2F 2-2: Reached on error, E4 (Groundball, 34)
|
Batting: SHB Juan Sánchez
|
0-0: SINGLE (Groundball, 4M) Rubén López to third
|
Batting: LHB Javier Sánchez
|
0-0: Called Strike 0-1: Foul Ball, location: 2F 0-2: Ball 1-2: Ball 2-2: Strikes out swinging
|
Batting: LHB Juan Ríos
|
0-0: Called Strike 0-1: Swinging Strike 0-2: Strikes out looking
|
Pinch Hitting: RHB Donald Thompson
|
0-0: Called Strike 0-1: Ball 1-1: Swinging Strike 1-2: Strikes out swinging
|
Top of the 7th over - 0 run(s), 1 hit(s), 1 error(s), 2 left on base; Rocky Mountain 0 - Austin 2 |
BOTTOM OF THE 7TH |
Austin Rangers batting - Pitching for Rocky Mountain Nuggets : RHP Félix Jiménez
|
Now in RF: Michael Riley
|
|
Batting: LHB Gonzalo López
|
0-0: Ball 1-0: Foul Ball, location: 2F 1-1: Ball 2-1: Foul Ball, location: 2F 2-2: Ground out 4-3 (Groundball, 4)
|
Batting: LHB Motoshige Kitamura
|
0-0: Called Strike 0-1: Swinging Strike 0-2: Ball 1-2: Ball 2-2: Ball 3-2: Base on Balls
|
Batting: SHB Xavier Vásquez
|
0-0: Ball 1-0: SINGLE (Flyball, 8RS) Motoshige Kitamura to second
|
Pitching: LHP Alfonso Zapata
|
|
Batting: RHB Joaquín Parra
|
0-0: Ball 1-0: Ground out 4-3 (Groundball, 4M) Motoshige Kitamura to third Xavier Vásquez to second
|
Batting: RHB José Muñóz
|
0-0: Ball 1-0: Ball 2-0: Called Strike 2-1: Ball 3-1: Swinging Strike 3-2: Foul Ball, location: 2F 3-2: Base on Balls
|
Batting: RHB Tony Hernández
|
0-0: Foul Ball, location: 2F 0-1: Fly out, F8 (Flyball, 8RM)
|
Bottom of the 7th over - 0 run(s), 1 hit(s), 0 error(s), 3 left on base; Rocky Mountain 0 - Austin 2 |
TOP OF THE 8TH |
Rocky Mountain Nuggets batting - Pitching for Austin Rangers : RHP John Wilkins
|
Batting: RHB Mark Melton
|
0-0: Ball 1-0: Ball 2-0: SINGLE (Line Drive, 56D)
|
Batting: RHB Iván Vega
|
0-0: Ball 1-0: SINGLE (Groundball, 56D) Mark Melton to second
|
Batting: LHB Randy Bowen
|
0-0: Ball 1-0: Ball 2-0: Ball 3-0: Foul Ball, location: 2F 3-1: Called Strike 3-2: Foul Ball, location: 2F 3-2: Foul Ball, location: 2F 3-2: TRIPLE (Flyball, 9LM) Mark Melton scores Iván Vega scores
|
Pitching: RHP Decheng Sun
|
|
Pinch Hitting: RHB Mike Green
|
0-0: Called Strike 0-1: Called Strike 0-2: Fly out, F9 (Flyball, 9S)
|
Batting: LHB Rubén López
|
0-0: Intentional Walk
|
Batting: SHB Juan Sánchez
|
0-0: Ball Rubén López steals 2nd base 1-0: Ball 2-0: Swinging Strike 2-1: Foul Ball, location: 2F 2-2: Strikes out swinging
|
Batting: LHB Javier Sánchez
|
0-0: Called Strike 0-1: Ball 1-1: Called Strike 1-2: DOUBLE (Flyball, 9D) Randy Bowen scores Rubén López scores
|
Batting: LHB Juan Ríos
|
0-0: Called Strike 0-1: TRIPLE (Flyball, 9D) Javier Sánchez scores
|
Batting: RHB Michael Riley
|
0-0: Called Strike 0-1: Foul Ball, location: 2F 0-2: Strikes out swinging
|
Top of the 8th over - 5 run(s), 5 hit(s), 0 error(s), 1 left on base; Rocky Mountain 5 - Austin 2 |
BOTTOM OF THE 8TH |
Austin Rangers batting - Pitching for Rocky Mountain Nuggets : LHP Alfonso Zapata
|
Now at 3B: Mike Green
|
|
Batting: SHB Carlos Kramer
|
0-0: Ball 1-0: Called Strike 1-1: Ball 2-1: Fly out, F7 (Flyball, 78S)
|
Batting: LHB Yun Yen
|
0-0: Ball 1-0: Ground out U3 (Groundball, 3L)
|
Batting: RHB Jeff Green
|
0-0: Swinging Strike 0-1: Ball 1-1: Swinging Strike 1-2: Ball 2-2: SINGLE (Groundball, 56D)
|
Batting: LHB Gonzalo López
|
0-0: Ball 1-0: Called Strike 1-1: Fly out, F9 (Flyball, 89M)
|
Bottom of the 8th over - 0 run(s), 1 hit(s), 0 error(s), 1 left on base; Rocky Mountain 5 - Austin 2 |
TOP OF THE 9TH |
Rocky Mountain Nuggets batting - Pitching for Austin Rangers : RHP Decheng Sun
|
Pitching: RHP Júlio Rodríguez
|
|
Batting: RHB Mark Melton
|
0-0: Ball 1-0: Swinging Strike 1-1: Ball 2-1: Foul Ball, location: 2F 2-2: Ball 3-2: Foul Ball, location: 2F 3-2: Fly out, F7 (Flyball, 7M)
|
Batting: RHB Iván Vega
|
0-0: Called Strike 0-1: DOUBLE (Line Drive, 7LS)
|
Batting: LHB Randy Bowen
|
0-0: Ball 1-0: Fly out, F7 (Line Drive, 7S)
|
Batting: RHB Mike Green
|
0-0: Swinging Strike 0-1: Ball 1-1: Ball 2-1: Foul Ball, location: 2F 2-2: Foul Ball, location: 2F 2-2: Ball 3-2: Strikes out swinging
|
Top of the 9th over - 0 run(s), 1 hit(s), 0 error(s), 1 left on base; Rocky Mountain 5 - Austin 2 |
BOTTOM OF THE 9TH |
Austin Rangers batting - Pitching for Rocky Mountain Nuggets : LHP Alfonso Zapata
|
Pitching: RHP Ismael Barrios
|
|
Batting: LHB Motoshige Kitamura
|
0-0: Foul Ball, location: 2F 0-1: Foul Ball, location: 2F 0-2: Ball 1-2: Strikes out swinging
|
Batting: SHB Xavier Vásquez
|
0-0: Ball 1-0: Foul Ball, location: 2F 1-1: Called Strike 1-2: Ball 2-2: Strikes out swinging
|
Batting: RHB Joaquín Parra
|
0-0: Called Strike 0-1: Ground out 1-3 (Groundball, 13S)
|
Bottom of the 9th over - 0 run(s), 0 hit(s), 0 error(s), 0 left on base; Rocky Mountain 5 - Austin 2 |
|